Map: Submarine LE

Players

TLHarstem (Harstem) - Winner!

  • Race: Protoss Protoss
  • League: Master
  • Spawn Location: 11:00

soul

  • Race: Terran Terran
  • League: Grandmaster
  • Spawn Location: 5:00

Event: DreamHack SC2 Masters 2020 Fall

VOD

Have the link to the VOD?

Description

Time

  • Played on: Aug. 30, 2020, 11:45 a.m.
  • Length: 4:47

All games in this series

Show
View Real Time Build Order
Export as new Build Order

TLHarstem Protoss - Winner!

Build Orders: Proxy Void Ray 

Get SALT Encoding   

  12  0:10  Pylon  
  12  0:14  Probe  
  13  0:28  Gateway  
  13  0:29  Probe (Chrono Boost)  
  14  0:40  Assimilator, Probe (Chrono Boost)  
  15  0:45  Probe (Chrono Boost)  
  15  0:49  Assimilator  
  16  0:55  Probe  
  17  1:07  Probe  
  18  1:15  Cybernetics Core  
  18  1:19  Probe  
  19  1:26  Pylon  
  19  1:33  Probe  
  20  1:45  Probe  
  21  1:49  Adept (Chrono Boost)  
  21  1:52  Stargate  
  23  1:57  Probe  
  24  2:04  Shield Battery  
  24  2:11  Adept  
  24  2:14  Probe  
  27  2:26  Void Ray (Chrono Boost)  
  31  2:39  Pylon  
  31  2:56  Void Ray (Chrono Boost)  
  31  2:58  Shield Battery  
  35  3:09  Shield Battery  
  35  3:23  Pylon  
  35  3:30  Void Ray (Chrono Boost)  
  39  3:57  Probe  
  39  4:01  Nexus  
  40  4:10  Void Ray (Chrono Boost)  
  45  4:27  Probe  
Show
View Real Time Build Order
Export as new Build Order

soul Terran 

Build Orders: Reaper Expand 

Get SALT Encoding   

  12  0:00  SCV  
  13  0:12  SCV  
  14  0:17  Supply Depot  
  14  0:24  SCV  
  15  0:38  SCV  
  15  0:42  Barracks  
  16  0:46  Refinery  
  16  0:51  SCV  
  17  1:04  SCV  
  17  1:07  Engineering Bay  
  18  1:16  SCV  
  19  1:29  Orbital Command, Reaper  
  20  1:56  Command Center  
  20  1:58  SCV  
  21  2:03  Barracks Reactor  
  21  2:15  SCV, Supply Depot  
  22  2:22  Bunker  
  22  2:27  Factory  
  22  2:28  SCV  
  23  2:36  Refinery  
  23  2:40  SCV  
  23  2:42  Marine  
  23  2:43  Marine  
  26  2:51  Missile Turret  
  25  2:52  SCV  
  26  3:00  Marine x2  
  26  3:04  SCV  
  29  3:11  Widow Mine  
  30  3:14  Missile Turret  
  30  3:18  Marine  
  31  3:22  Starport  
  31  3:25  SCV  
  32  3:28  Marine  
  32  3:31  Orbital Command  
  30  3:36  Marine  
  31  3:45  Factory Tech Lab  
  31  3:46  SCV, Marine  
  26  4:02  Factory Tech Lab  
  24  4:13  Marine  
  24  4:15  Marine  
  19  4:17  SCV  
  19  4:21  Factory Tech Lab  

Tags
 
Add a new tag
Caveats
  • Supply blocks, unpowered buildings, or Contaminate may cause inaccurate times.
  • Supply counts are checked every 10 seconds.